 Dungeon Sprint DCSS version 0.30.0-11-gf55b779eaf (webtiles) character file.

Game seed: 12890452760136877046

1066 fozzywoppz the Unseen (level 8, -3/33 (36) HPs)
             Began as a Spriggan Enchanter on May 16, 2023.
             Was a Believer of Sif Muna.
             Killed from afar by Josephine (20 damage)
             ... with a ghostly fireball
             ... in the Dungeon (Sprint III: "The Ten Rune Challenge").
             The game lasted 00:04:15 (396 turns).

fozzywoppz the Unseen (Spriggan Enchanter)           Turns: 396, Time: 00:04:15

HP:   -3/33 (36)    AC:  4    Str:  6    XL:     8   Next: 7%
MP:   10/15         EV: 27    Int: 16    God:    Sif Muna [**....]
Gold: 18            SH:  0    Dex: 16    Spells: 6/15 levels left

rFire   + . .        a - +1 dagger
rCold   . . .        (no shield)
rNeg    . . .        b - +0 robe
rPois   .            (helmet restricted)
rElec   .            (no cloak)
rCorr   .            (gloves unavailable)
SInv    +            (boots unavailable)
Will    +....        (no amulet)
Stlth   ++++++       (no ring)
HPRegen 0.25/turn    (no ring)
MPRegen 0.14/turn

%: no teleportation
@: confusing by touch, drained, very quick
A: very small, no large weapons, unfitting armour, see invisible, speed 3,
antennae 1, iridescent scales 1, fire resistance 1
a: Renounce Religion, Channel Magic


You were in the Dungeon.
You worshipped Sif Muna.
Sif Muna was pleased with you.
You visited 1 branch You collected 18 gold pieces.

Inventory:

Hand Weapons
 a - a +1 dagger (weapon)
 p - a +0 dagger of draining
Missiles
 j - 2 stones (quivered)
Armour
 b - a +0 robe (worn)
Wands
 q - a wand of mindburst (10)
Scrolls
 i - a scroll of blinking
 l - 2 scrolls of immolation
Potions
 c - 2 potions of invisibility
 d - 3 potions of curing
 e - a potion of heal wounds
 f - a potion of haste
 g - 2 potions of magic
 h - 2 potions of berserk rage
 k - 2 potions of mutation
 m - a potion of might
 n - a potion of brilliance
 o - 3 potions of flight


   Skills:
 + Level 0.0 Fighting
 + Level 5.9 Short Blades
 - Level 15.0 Dodging
 - Level 15.0 Stealth
 - Level 4.0 Spellcasting
 - Level 5.0 Hexes
 + Level 6.9 Invocations


You had 6 spell levels left.
You knew the following spells:

 Your Spells              Type           Power      Damage    Failure   Level
a - Ensorcelled Hibernat  Hex/Ice        22%        N/A       9%          2
b - Slow                  Hex            76%        N/A       2%          1
c - Confusing Touch       Hex            19%        N/A       6%          3
d - Tukima's Dance        Hex            19%        N/A       6%          3

Your spell library contained the following spells:

 Spells                   Type           Power      Damage    Failure   Level
 Summon Small Mammal      Summ           12%        N/A       17%         1
 Dazzling Flash           Conj/Hex       22%        N/A       19%         3
 Summon Guardian Golem    Hex/Summ       11%        N/A       19%         3
 Call Canine Familiar     Summ           3%         N/A       45%         3
 Vampiric Draining        Necr           3%         2d6       45%         3


Dungeon Overview and Level Annotations

Branches:
Dungeon (1/1)

Altars:
Cheibriados
Dithmenos
Elyvilon
Fedhas
Gozag
Hepliaklqana
Kikubaaqudgha
Makhleb
Nemelex Xobeh
Okawaru
Qazlal
Ru
Sif Muna
Trog
Uskayaw
Vehumet
Wu Jian
Xom
Yredelemnul
Zin
The Shining One
Jiyva
Lugonu

Annotations:
D Josephine


Innate Abilities, Weirdness & Mutations

You are very small and have problems with some larger weapons.
You are too small for most types of armour.
You have supernaturally acute eyesight. (SInv)
You cover ground extremely quickly. (Speed+++)
You have a pair of small antennae on your head.
You are partially covered in iridescent scales. (AC +2)
Your flesh is heat resistant. (rF+)


Message History

Confirm with . or Enter, or press ? or * to list all spells.
Aiming: Ensorcelled Hibernation (safe; 9% risk of failure)
Press: ? - help, Shift-Dir - straight line, f - Josephine
Aim: Josephine, wielding a +0 dagger and wearing a +0 robe (black smoke, chance to affect: 15%) Josephine resists with almost no effort.
Casting: Ensorcelled Hibernation (safe; 9% risk of failure)
Confirm with . or Enter, or press ? or * to list all spells.
Aiming: Slow (safe; 2% risk of failure)
Press: ? - help, Shift-Dir - straight line, f/p - Josephine
Aim: Josephine, wielding a +0 dagger and wearing a +0 robe (black smoke, chance to affect: 19%) Josephine resists with almost no effort.
Casting: Slow (safe; 2% risk of failure)
Confirm with . or Enter, or press ? or * to list all spells.
Your hands begin to glow red.
Josephine grinds her teeth.
Josephine barely misses you.
You hit Josephine but do no damage. Josephine misses you.
You barely miss Josephine. Josephine misses you.
You hit Josephine but do no damage. You closely miss Josephine.
Josephine misses you.
You hit Josephine but do no damage.
Josephine points at you and mumbles some strange words.
The ghostly flame explodes!
The ghostly fireball engulfs you!!
You feel drained.
Ouch! That really hurt!
The ghostly fireball engulfs Josephine.
Josephine completely resists.
You hit Josephine but do no damage. You barely miss Josephine.
Josephine closely misses you.
You hit Josephine but do no damage. Josephine barely misses you.
You hit Josephine but do no damage. You hit Josephine but do no damage.
Josephine misses you.
You hit Josephine but do no damage. Josephine completely misses you.
You hit Josephine but do no damage. Josephine closely misses you.
You closely miss Josephine. You hit Josephine but do no damage.
Josephine points at you and mumbles some strange words.
The ghostly flame explodes!
The ghostly fireball engulfs you!!
You feel drained.
Ouch! That really hurt!
You die...

##.############
#..#___#___#__#
#..#)..#__)#._#
#..###'#'###'##
#..#..........#
...'.⌠........#
...#...######'#
...#.⌠.#__#...#+#####
...#)..#__#...#§@§§§+
...#'###__#...#§#@§§#
...#)..#__#...'.#§§§#
...#___#v_+...#.#.§§#
▓▓▓▓▓▓▓▓▓▓▓▓▓▓▓▓▓▓▓▓▓


You could see Josephine.

Vanquished Creatures
  A deep elf pyromancer (D)
  A shadow (D)
  A necrophage (D)
  A water elemental (D)
  A jelly (D)
  A wizard (D)
  A necromancer (D)
  3 humans (D)
  A kobold demonologist (D)
  A phantom (D)
  An endoplasm (D)
  3 rats (D)
16 creatures vanquished.

Notes
Turn   | Place    | Note
-------+----------+-------------------------------------------
     0 | D        | fozzywoppz the Spriggan Enchanter began the quest for the
                  | Orb.
     0 | D        | Reached XP level 1. HP: 9/9 MP: 5/5
    55 | D        | Reached skill level 5 in Stealth
    55 | D        | Reached XP level 2. HP: 13/13 MP: 7/7
    83 | D        | Learned a level 2 spell: Ensorcelled Hibernation
   114 | D        | Gained mutation: You have a pair of small antennae on your
                  | head. [potion of mutation]
   114 | D        | Gained mutation: Your flesh is heat resistant. (rF+)
                  | [potion of mutation]
   114 | D        | Gained mutation: You are partially covered in iridescent
                  | scales. (AC +2) [potion of mutation]
   141 | D        | Noticed a water elemental
   144 | D        | Killed a water elemental
   145 | D        | Reached skill level 5 in Short Blades
   145 | D        | Reached skill level 5 in Hexes
   145 | D        | Reached XP level 3. HP: 16/16 MP: 9/9
   145 | D        | Reached XP level 4. HP: 21/21 MP: 11/11
   147 | D        | Found a radiant altar of Vehumet.
   147 | D        | Found a shimmering blue altar of Sif Muna.
   147 | D        | Found an ancient bone altar of Kikubaaqudgha.
   147 | D        | Noticed a wizard
   154 | D        | Noticed a chaos spawn
   162 | D        | Killed a wizard
   168 | D        | Became a worshipper of Sif Muna the Loreminder
   200 | D        | Learned a level 1 spell: Slow
   204 | D        | Learned a level 3 spell: Confusing Touch
   208 | D        | Learned a level 3 spell: Tukima's Dance
   208 | D        | Found a glowing silver altar of Zin.
   208 | D        | Found a glowing golden altar of the Shining One.
   208 | D        | Found a white marble altar of Elyvilon.
   208 | D        | Noticed a deep elf pyromancer
   214 | D        | Killed a deep elf pyromancer
   215 | D        | Reached skill level 15 in Stealth
   215 | D        | Reached XP level 5. HP: 17/24 MP: 9/12
   215 | D        | Reached XP level 6. HP: 20/28 MP: 9/13
   247 | D        | Found a hide-covered altar of Uskayaw.
   247 | D        | Found an iron altar of Okawaru.
   247 | D        | Found a bloodstained altar of Trog.
   247 | D        | Found an ornate altar of the Wu Jian Council.
   247 | D        | Noticed a human
   247 | D        | Noticed a human
   250 | D        | Killed a human
   251 | D        | Reached XP level 7. HP: 32/32 MP: 14/14
   251 | D        | Killed a human
   251 | D        | Reached * piety under Sif Muna
   252 | D        | Reached skill level 5 in Invocations
   267 | D        | Found a basalt altar of Yredelemnul.
   267 | D        | Found a shadowy altar of Dithmenos.
   267 | D        | Found a sacrificial altar of Ru.
   279 | D        | Noticed a shadow
   299 | D        | Killed a shadow
   299 | D        | Reached ** piety under Sif Muna
   300 | D        | Reached skill level 15 in Dodging
   300 | D        | Reached XP level 8. HP: 30/36 MP: 11/15
   343 | D        | Found a blossoming altar of Fedhas.
   343 | D        | Found a stormy altar of Qazlal.
   343 | D        | Found a snail-covered altar of Cheibriados.
   343 | D        | Found a burning altar of Makhleb.
   343 | D        | Found a shimmering altar of Xom.
   344 | D        | Found a hazy altar of Hepliaklqana.
   344 | D        | Found an opulent altar of Gozag.
   344 | D        | Found a sparkling altar of Nemelex Xobeh.
   344 | D        | Found a corrupted altar of Lugonu.
   344 | D        | Found a viscous altar of Jiyva.
   379 | D        | Noticed Josephine
   396 | D        | Killed from afar by Josephine

Illustrated notes

Levels and vault maps discovered:
D:        dungeon_sprint_mu [sprint_mu_entry_cave, sprint_mu_temple_rooms,
          sprint_mu_d1_horrors, sprint_mu_d2_genie, sprint_mu_d3_branching,
          sprint_mu_orc_legion, sprint_mu_elf_gauntlet, sprint_mu_hive_nellie,
          sprint_mu_lair_fedhas, sprint_mu_vaults_butterflies,
          sprint_mu_slime_circle, sprint_mu_swamp_cave, sprint_mu_snake_twists,
          sprint_mu_blade_basic, sprint_mu_crypt_fortress,
          sprint_mu_tomb_spiral, sprint_mu_vestibule_basic,
          sprint_mu_gehenna_hellfire, sprint_mu_dis_giant,
          sprint_mu_tartarus_statrot, sprint_mu_cocytus_islands, sprint_mu_zot1]

Skill      XL: |  1  2  3  4  5  6  7 |
---------------+----------------------+-----
Dodging        | 3 6 12 13 15 | 15.0
Spellcasting   | 3 4 |  4.0
Hexes          | 4 5 |  5.0
Short Blades   | 2 5 |  5.9
Stealth        | 5 7 15 | 15.0
Invocations    | 3 6 |  6.9

Action                     |  1- 3 |  4- 6 |  7- 9 || total
---------------------------+-------+-------+-------++-------
  Melee: Dagger            |    14 |    16 |    37 ||    67
         Punch             |       |       |     1 ||     1
   Cast: Ensorcelled Hiber |     2 |     2 |     2 ||     6
         Confusing Touch   |       |       |     2 ||     2
         Slow              |       |       |     1 ||     1
    Use: Scroll            |     3 |       |       ||     3
         Potion            |     1 |     1 |       ||     2
   Stab: Sleeping          |     7 |     2 |     4 ||    13
         Confused          |       |       |     1 ||     1
 Armour: Robe              |     1 |       |     1 ||     2
  Dodge: Dodged            |     3 |     5 |    20 ||    28
